 Dungeon Crawl Stone Soup version 0.30-a0-782-ge64f9170bb (webtiles) character file.

Game seed: 3125544663133824811

8455 tilp the Carver (level 11, -4/99 HPs)
             Began as a Meteoran Fighter on Mar 16, 2023.
             Was a High Priest of Okawaru.
             Slain by a troll (10 damage)
             ... on level 11 of the Dungeon.
             The game lasted 00:18:33 (4640 turns).

tilp the Carver (Meteoran Fighter)                  Turns: 4640, Time: 00:18:33

Health: -4/99      AC: 18    Str: 17    XL:     11   Next: 85%
Magic:  17/17      EV: 17    Int: 10    God:    Okawaru [*****.]
Gold:   501        SH:  7    Dex: 19    Spells: 10/10 levels left

rFire   + . .      SeeInvis .    a - +1 long sword
rCold   . . .      Faith    .    c - +0 buckler
rNeg    . . .      Spirit   .    d - +1 scale mail {rF+}
rPois   +          Reflect  .    C - +0 helmet
rElec   .          Harm     .    y - +0 cloak
rCorr   +          Rampage  .    o - +2 pair of gloves
Will    +....                    t - +0 pair of boots
Stlth   +                        (no amulet)
HPRegen 0.36/turn                q - ring of poison resistance
MPRegen 0.15/turn                z - ring of resist corrosion

@: heroic, glowing
A: sense surroundings 2, otherworldly, glowing, explore regen
a: Renounce Religion, Heroism, Finesse, Duel


You were on level 11 of the Dungeon.
You worshipped Okawaru.
Okawaru was extremely pleased with you.
You visited 2 branches of the dungeon, and saw 12 of its levels.

You collected 501 gold pieces.

Inventory:

Hand Weapons
 a - a +1 long sword (weapon)
 b - a +2 broad axe of flaming
 F - a +5 dagger
Missiles
 e - 7 boomerangs (quivered)
 j - 6 javelins
 p - 13 poisoned darts
 x - a throwing net {!f}
Armour
 c - a +0 buckler (worn)
 d - a +1 scale mail of fire resistance (worn)
 k - a +0 chain mail
 o - a +2 pair of gloves (worn)
 r - an orb of wrath
 t - a +0 pair of boots (worn)
 y - a +0 cloak (worn)
 C - a +0 helmet (worn)
Jewellery
 f - a ring of ice
 q - a ring of poison resistance (left hand)
 z - a ring of resist corrosion (right hand)
Wands
 g - a wand of polymorph (6)
 w - a wand of iceblast (9)
 A - a wand of mindburst (1)
 I - a wand of quicksilver (3)
Scrolls
 h - 4 scrolls of teleportation
 B - a scroll of blinking
 H - a scroll of amnesia
Potions
 i - a potion of brilliance
 l - 2 potions of attraction
 m - 3 potions of flight
 n - 2 potions of mutation
 s - 2 potions of lignification
 u - 2 potions of heal wounds {unknown}
 v - a potion of haste {unknown}
 D - 2 potions of resistance {unknown}
 J - 2 potions of might


   Skills:
 - Level 10.0(15.0) Fighting
 * Level 12.2(17.2) Long Blades
 - Level 4.0(9.0) Throwing
 - Level 6.0(11.0) Armour
 + Level 7.9(12.9) Dodging
 - Level 4.0(9.0) Shields
 * Level 7.8 Invocations
 - Level 4.0 Evocations


You had 10 spell levels left.
You didn't know any spells.
Your spell library was empty.

Dungeon Overview and Level Annotations

Branches:
Dungeon (11/15) Zot: 2347  Temple (1/1) D:7 Zot: 207    Lair (0/5) D:9
    Orc (0/2) D:9

Altars:
Ashenzari
Cheibriados
Dithmenos
Fedhas
Gozag
Hepliaklqana
Kikubaaqudgha
Makhleb
Nemelex Xobeh
Okawaru
Qazlal
Ru
Sif Muna
Trog
Uskayaw
Vehumet
Wu Jian
Yredelemnul
Zin
The Shining One

Shops:
D:5 [   D:7 (


Innate Abilities, Weirdness & Mutations

You passively map the area around you.
You are easily found by Zot.
You glow in the dark.
You regain HP and MP as you explore.


Message History

You barely miss the boulder beetle.
The boulder beetle is severely wounded.
You hit the boulder beetle but do no damage.
The boulder beetle is severely wounded.
The boulder beetle bites you but does no damage.
The troll bites you. The troll claws you. The troll claws you!
* * * LOW HITPOINT WARNING * * *
You hit the boulder beetle but do no damage.
The boulder beetle is severely wounded.
The troll barely misses you. The troll claws you but does no damage.
The troll misses you.
The boulder beetle leaps!
You slash the troll!
The troll is moderately wounded.
The troll completely misses you. The troll claws you.
* * * LOW HITPOINT WARNING * * *
The troll claws you.
* * * LOW HITPOINT WARNING * * *
You hit the troll but do no damage.
The troll is moderately wounded.
The troll bites you!
* * * LOW HITPOINT WARNING * * *
The troll barely misses you. You block the troll's attack.
You hit the troll.
The troll is moderately wounded.
You closely miss the troll.
The troll is moderately wounded.
The boulder beetle curls into a ball and begins rolling!
The troll bites you!
* * * LOW HITPOINT WARNING * * *
The troll barely misses you. The troll completely misses you.
You slash the troll!
The troll is heavily wounded.
The troll closely misses you. x2; You block the troll's attack.
You hit the troll.
The troll is heavily wounded.
You hit the troll but do no damage.
The troll is heavily wounded.
The troll bites you but does no damage. The troll claws you but does no damage.
The troll claws you!
You die...

#.....<..#####
#.######.#...##
* *** *
####......####
*
#............#
,, * , *
#.##......##.#
, , , , #
#.#....# .# ,
*, , ,
,...##.#.##.# *
, .#####......#
* , * #
###.#@.# ,,
#.T..# **, ,
###.## , *+* *
#.#* * , , *
.B. * , * *,
.°# , ,.°# , ,
...#, * **, * ,
,,, , ,* * , ,


You could see a boulder beetle (rolling) and a troll.

Vanquished Creatures
  2 two-headed ogres (D:9)
  Maggie (D:6)
  A rime drake (D:9)
  A polar bear (D:9)
  A hornet (D:8)
  2 shadows
  A wyvern (D:9)
  16 yaks
  A steam dragon (D:9)
  3 vampire mosquitoes (D:10)
  3 water moccasins
  A swamp drake (D:9)
  A black bear (D:6)
  5 ice beasts
  2 orc warriors (D:9)
  A sky beast (D:8)
  An ogre (D:9)
  A wolf (D:9)
  2 centaurs
  A kobold brigand (D:8)
  2 bullfrogs
  2 necrophages
  3 scorpions
  3 wights (Temple)
  A killer bee (D:5)
  5 howler monkeys
  3 jellies
  6 hounds
  An orc priest (D:9)
  3 iguanas (D:5)
  8 orc wizards
  Terence (D:3)
  Robin (D:3)
  8 gnolls
  7 adders
  2 ufetubi
  A worm (D:2)
  2 dart slugs
  19 orcs
  2 ball pythons (D:4)
  2 endoplasms
  A giant cockroach (D:4)
  12 goblins
  5 hobgoblins
  4 jackals (D:2)
  11 kobolds
  2 quokkas
  2 bats
  3 rats
169 creatures vanquished.

Notes
Turn   | Place    | Note
-------+----------+-------------------------------------------
     0 | D:1      | tilp the Meteoran Fighter began the quest for the Orb.
     0 | D:1      | Reached XP level 1. HP: 19/19 MP: 2/2
    88 | D:1      | Reached XP level 2. HP: 25/26 MP: 3/3
   136 | D:2      | Reached skill level 3 in Long Blades
   164 | D:2      | Reached skill level 1 in Dodging
   179 | D:2      | Reached XP level 3. HP: 26/31 MP: 4/4
   205 | D:2      | Found a faded altar of an unknown god.
   379 | D:3      | Noticed Robin
   401 | D:3      | Reached XP level 4. HP: 19/40 MP: 5/5
   405 | D:3      | Killed Robin
   504 | D:3      | Noticed Terence
   509 | D:3      | Killed Terence
   510 | D:3      | Reached skill level 4 in Long Blades
   682 | D:4      | Reached XP level 5. HP: 40/46 MP: 6/6
  1078 | D:4      | Reached skill level 5 in Long Blades
  1099 | D:5      | Entered Level 5 of the Dungeon
  1121 | D:5      | Reached XP level 6. HP: 39/52 MP: 7/7
  1222 | D:4      | Reached skill level 6 in Long Blades
  1380 | D:5      | Reached skill level 1 in Throwing
  1380 | D:5      | Reached XP level 7. HP: 10/60 MP: 8/8
  1397 | D:5      | HP: 3/60 [hound (2)]
  1467 | D:5      | Found Beceju's Antique Armour Boutique.
  1488 | D:5      | Reached skill level 5 in Fighting
  1488 | D:5      | Reached skill level 7 in Long Blades
  1512 | D:5      | Reached XP level 8. HP: 43/68 MP: 9/9
  2163 | D:6      | Noticed a shadow
  2178 | D:6      | Killed a shadow
  2179 | D:6      | Reached skill level 1 in Evocations
  2292 | D:6      | Reached skill level 8 in Long Blades
  2346 | D:7      | Found Zokliaq's Antique Weapon Emporium.
  2416 | D:6      | Noticed Maggie
  2443 | D:6      | Killed Maggie
  2444 | D:6      | Gained mutation: You passively map the area around you.
                  | [Meteoran growth]
  2444 | D:6      | Reached XP level 9. HP: 40/79 MP: 10/10
  2460 | D:6      | Found a shadowy altar of Dithmenos.
  2462 | D:6      | Found a hide-covered altar of Uskayaw.
  2464 | D:6      | Found a broken altar of Ashenzari.
  2464 | D:6      | Found a glowing silver altar of Zin.
  2464 | D:6      | Found a bloodstained altar of Trog.
  2465 | D:6      | Found a burning altar of Makhleb.
  2471 | D:6      | Found a basalt altar of Yredelemnul.
  2472 | D:6      | Found a sparkling altar of Nemelex Xobeh.
  2473 | D:6      | Found a blossoming altar of Fedhas.
  2474 | D:6      | Found a stormy altar of Qazlal.
  2531 | D:6      | You fall into a shaft and drop 1 floor!
  2534 | D:7      | Found a staircase to the Ecumenical Temple.
  2560 | D:7      | Reached skill level 9 in Long Blades
  2604 | Temple   | Entered the Ecumenical Temple
  2614 | Temple   | Became a worshipper of Warmaster Okawaru
  2662 | Temple   | Reached skill level 5 in Dodging
  2872 | Temple   | Reached * piety under Okawaru
  3083 | D:7      | Reached skill level 10 in Long Blades
  3262 | D:8      | Noticed a hornet
  3269 | D:8      | Killed a hornet
  3270 | D:8      | Reached skill level 1 in Invocations
  3270 | D:8      | Reached XP level 10. HP: 62/88 MP: 11/11
  3407 | D:8      | Reached ** piety under Okawaru
  3555 | D:9      | Found a staircase to the Lair.
  3560 | D:9      | Noticed a rime drake
  3565 | D:9      | Killed a rime drake
  3566 | D:9      | Reached skill level 5 in Armour
  3587 | D:9      | Reached *** piety under Okawaru
  3595 | D:9      | Reached skill level 11 in Long Blades
  3642 | D:8      | Reached XP level 11. HP: 95/97 MP: 15/15
  3828 | D:9      | Noticed a two-headed ogre
  3842 | D:9      | Killed a two-headed ogre
  3843 | D:9      | Reached skill level 5 in Invocations
  3851 | D:10     | Entered Level 10 of the Dungeon
  4061 | D:9      | Found a staircase to the Orcish Mines.
  4073 | D:9      | Reached **** piety under Okawaru
  4136 | D:9      | Noticed a two-headed ogre
  4152 | D:9      | Killed a two-headed ogre
  4357 | D:10     | Reached skill level 10 in Fighting
  4420 | D:10     | Reached skill level 12 in Long Blades
  4529 | D:10     | Reached ***** piety under Okawaru
  4610 | D:11     | Noticed a boulder beetle
  4640 | D:11     | Slain by a troll

Illustrated notes

Levels and vault maps discovered:
D:1:      lightli_arrival_boilingwater, layout_loops_cross
D:2:      layout_basic, basic_ecumenical_altar, basic_altar
D:3:      layout_loops_ring, uniq_robin, uniq_terence
D:4:      layout_loops_ring
D:5:      layout_cave_pools, serial_shops, shop_coins, minmay_chambers_of_fives
D:6:      layout_loops_cross, minitemple, uniq_maggie
D:7:      layout_cave_pools, temple_fountains, serial_shops,
          nicolae_shop_statue_plus
D:8:      layout_cave_pools
D:9:      layout_long_grid, hellmonk_lair_entry_icy, erik_orc_1
D:10:     layout_roguey
D:11:     layout_loops_corners, gauntlet_entry_generic, serial_shops,
          kennysheep_mini_moat, nicolae_uskayaw_dance_hall
Temple:   hellmonk_temple_forest_ring

Skill      XL: |  1  2  3  4  5  6  7  8  9 10 11 |
---------------+----------------------------------+-----
Long Blades    | 3 4 5 6 7 8 10 11 12 | 12.2
Dodging        | 1 2 3 4 6 7 |  7.9
Fighting       | 4 5 7 8 9 10 | 10.0
Throwing       | 1 2 3 4 |  4.0
Shields        | 4 |  4.0
Armour         | 4 5 6 |  6.0
Evocations     | 2 3 4 |  4.0
Invocations    | 1 4 7 |  7.8

Action                     |  1- 3 |  4- 6 |  7- 9 | 10-12 || total
---------------------------+-------+-------+-------+-------++-------
  Melee: Long sword        |    74 |   105 |   329 |   452 ||   960
 Invoke: Heroism           |       |       |       |     4 ||     4
  Evoke: Wand              |       |       |       |     2 ||     2
    Use: Scroll            |       |     6 |     6 |     8 ||    20
         Potion            |       |     1 |     2 |     2 ||     5
 Armour: Scale mail        |    31 |    63 |   223 |   201 ||   518
         Chain mail        |    28 |    14 |       |       ||    42
  Dodge: Dodged            |    36 |    57 |   194 |   215 ||   502
  Block: Buckler           |    39 |    27 |    93 |   111 ||   270

Table legend: (Time is in decaauts)
 A = Elapsed time spent in this place.
 B = Non-inter-level travel time spent in this place.
 C = Inter-level travel time spent in this place.
 D = Time resting spent in this place.
 E = Time spent auto-exploring this place.
 F = Levels seen in this place.
 G = Mean time per level.
                   A        B        C        D        E       F      G
               +--------+--------+--------+--------+--------+-----+--------+
         Total |   4644 |   4193 |    451 |    352 |     40 |  12 |  387.0 |
       Dungeon |   4252 |   3826 |    426 |    107 |     40 |  11 |  386.5 |
        Temple |    392 |    367 |     25 |    245 |      0 |   1 |  392.0 |
               +--------+--------+--------+--------+--------+-----+--------+

Top non-repeatable levels by time:
     D:3: 702 daAuts
     D:5: 670 daAuts
     D:9: 634 daAuts
     D:4: 454 daAuts
     D:8: 450 daAuts
     D:6: 393 daAuts
  Temple: 392 daAuts
     D:7: 302 daAuts
    D:10: 273 daAuts
     D:2: 196 daAuts
     D:1: 141 daAuts
    D:11: 31 daAuts
